 Dungeon Crawl Stone Soup version 0.31-a0-182-gc5ef74bbde (webtiles) character file.

Game seed: 4449877241727008086

135359 qw the Peltast (level 17, -13/106 HPs)
             Began as a Gargoyle Fighter on June 20, 2023.
             Was a Priest of Okawaru.
             Mangled by a spriggan rider
             ... wielding a +0 spear
              (16 damage)
             ... on level 3 of the Swamp.
             The game lasted 00:17:47 (25920 turns).

qw the Peltast (Gargoyle Fighter)                  Turns: 25920, Time: 00:17:47

Health: -13/106    AC: 41    Str: 32    XL:     17   Next: 19%
Magic:  24/24      EV: 17    Int:  9    God:    Okawaru [***...]
Gold:   3065       SH: 35    Dex: 13    Spells: 16/16 levels left

rFire   + + .        e - +4 war axe (flame)
rCold   x . .        v - +13 tower shield "Uggow" {rPois rF+ rC- rCorr}
rNeg    + . .        r - +3 plate armour {rF+}
rPois   inf          g - +1 helmet
rElec   +            z - +0 cloak
rCorr   +            f - +2 pair of gloves
SInv    .            (no boots)
Will    +....        F - amulet of the acrobat
Stlth   x              - +5 ring of evasion
HPRegen 0.37/turn    D - +6 ring of strength
MPRegen 0.19/turn

%: acrobat
@: about to teleport, heroic, marked, flying
A: sickness immunity, AC +12, big wings, negative energy resistance 1,
electricity resistance, torment resistance 1, petrification resistance, agile 1,
sturdy frame 1
a: Renounce Religion, Heroism


You were on level 3 of the Swamp.
You worshipped Okawaru.
Okawaru was most pleased with you.
You visited 4 branches of the dungeon, and saw 25 of its levels.
You also visited: Ossuary.

You collected 3544 gold pieces.
You spent 479 gold pieces at shops.


Innate Abilities, Weirdness & Mutations

You are immune to sickness and miasma.
Your stone body is resilient. (AC +12)
You are immune to poison.
Your large and strong wings let you fly.
You resist negative energy. (rN+)
You are resistant to electric shocks. (rElec)
You are resistant to unholy torment.
You are immune to petrification.
You are agile. (Dex +4, Str/Int -1)
Your movements are slightly less encumbered by armour. (ER -2)


   Skills:
 - Level 12.0(17.0) Fighting
 - Level 17.0(22.0) Axes
 - Level 7.0(12.0) Throwing
 + Level 11.8(16.8) Armour
 - Level 4.0(9.0) Dodging
 - Level 17.0(22.0) Shields
 - Level 10.1 Invocations


You had 16 spell levels left.
You didn't know any spells.
Your spell library was empty.

Inventory:

Hand Weapons
 e - a +4 war axe of flaming (weapon)
 Y - a +1 broad axe of electrocution
Missiles
 u - 13 boomerangs (quivered)
Armour
 f - a +2 pair of gloves (worn)
 g - a +1 helmet (worn)
 r - a +3 plate armour of fire resistance (worn)
 t - +0 acid dragon scales
 v - the +13 tower shield "Uggow" (worn) {rPois rF+ rC- rCorr}
   (Okawaru gifted it to you on level 3 of the Lair of Beasts)

   rF:        It protects you from fire.
   rC:        It makes you vulnerable to cold.
   rPois:     It protects you from poison.
   rCorr:     It protects you from acid and corrosion.
 z - a +0 cloak (worn)
Jewellery
 s - a ring of protection from cold
 w - a ring of protection from fire
 x - a +5 ring of evasion (left hand)
 y - a ring of protection from cold
 D - a +6 ring of strength (right hand)
 F - an amulet of the acrobat (around neck)
Wands
 o - a wand of digging (4)
Scrolls
 l - 10 scrolls of identify
Potions
 a - 5 potions of mutation
 b - 5 potions of attraction
 c - 2 potions of curing
 d - 5 potions of might
 h - a potion of resistance
 i - 4 potions of lignification
 j - 2 potions of magic
 k - 4 potions of haste
 m - 2 potions of cancellation
 p - 6 potions of enlightenment

Dungeon Overview and Level Annotations

Branches:
Dungeon (15/15)            Temple (0/1) D:4            Lair (5/5) D:11
  Swamp (3/4) Lair:2       Spider (0/4) Lair:2        Slime (0/5) Lair:4
    Orc (2/2) D:10            Elf (0/3) Orc:2        Vaults (0/5) D:13
 Depths (0/4) D:15        Ossuary (visited)

Altars:
Dithmenos
Fedhas
Gozag
Makhleb
Okawaru
Qazlal
Ru
Uskayaw
Vehumet
Xom
Zin
Jiyva
Lugonu

Shops:
D:3 (   D:4 [   D:14 :   Orc:1 :((   Orc:2 ?**(

Portals:
Abyss: Lair:5

Annotations:
D:3 1 runed translucent door, Crazy Yiuf
D:6 1 runed translucent door, qw's ghost, novice NaHu
D:8 exclusions: 30 gnolls, 5 gnoll boudas and 2 gnoll sergeants


Message History

You slice one of the three-headed hydra's heads off!
The flame cauterises the wound!
You hit the two-headed hydra. You burn the two-headed hydra.
You slash the eleionoma! You burn the eleionoma.
You block the spriggan rider's attack.
The bunyip howls a warning cry!
The spriggan rider hits you but does no damage.
You block the spriggan rider's attack.
You block the two-headed hydra's attack.
The two-headed hydra bites you!
The eleionoma splashes around in the water.
The spriggan rider hits you from afar with a +0 spear.
25918 ||| READING scroll of teleportation.
As you read the scroll of teleportation, it crumbles to dust.
You feel strangely unstable. The bunyip claws you!
You block the bunyip's attack. x2
The spriggan rider barely misses you. You block the spriggan rider's attack.
The spriggan rider hits you but does no damage.
You block the two-headed hydra's attack.
The two-headed hydra barely misses you.
The spriggan rider hits you but does no damage.
You block the eleionoma's attack.
The spriggan rider hits you from afar with a +0 spear.
You slash the bunyip! You burn the bunyip!
You kill the bunyip!
Okawaru accepts your kill.
You chop one of the two-headed hydra's heads off!
The flame cauterises the wound!
You slash the one-headed hydra! You burn the one-headed hydra.
You barely miss the eleionoma.
You block the spriggan rider's attack. x2
The spriggan rider completely misses you.
The eleionoma misses you.
The spriggan rider hits you but does no damage.
You block the one-headed hydra's attack.
You hit the one-headed hydra. You burn the one-headed hydra.
The one-headed hydra is severely wounded.
You closely miss the eleionoma. You block the spriggan rider's attack.
The spriggan rider closely misses you. You block the spriggan rider's attack.
The spriggan rider hits you from afar with a +0 spear!
You die...

.~~.7 7~...~¤~.~..~7
.~~..77.~..~¤~....777 ~~
7...~..~~~~~~~..~~~~7 .~.
~..~~~~~~~~~~~.~~~~~77~7
.~~¤~~~~~~.¤~~..~¤~.~.7
..~~~~.¤..~~~~~..(..~~7777
77.~~~..~¤(~~%~~%(i......7
7.~~~~.777~.%~..)%i~~~....
~¤~~~~~7777.~..~@%i~~~~...
.~~~~~.7.~.77..R7Di~~~~~~.
.~~~....~~.777777.i.~~~~~~
.~~~......77 777.~~~~~~
..~~~~....77 .~~~~~~
..~¤¤~.~~~.7 ~~~.~~~
7~<.%~~~~~.7 7~777.7
7...%~~~~¤..7 77 77
7..~~~~~~..~.7


You could see an eleionoma, an one-headed hydra (strong) and 5 spriggan riders.

Vanquished Creatures
  Rupert (Lair:4)
  Kirke (Swamp:1)
  A thorn hunter (Swamp:2)
  An eleionoma (Swamp:1)
  3 bunyips
  Snorg (Lair:4)
  2 fire dragons
  An entropy weaver (shapeshifter) (D:15)
  A rakshasa (D:15)
  12 hydras
  An ice dragon (D:15)
  A vault guard (D:13)
  2 ghost crabs (Swamp:1)
  3 ogre magi (D:15)
  3 alligators
  3 boulder beetles
  Erica (Orc:1)
  10 centaur warriors
  6 death yaks
  12 two-headed ogres
  A tengu warrior (D:14)
  3 thrashing horrors (Lair:5)
  4 orc high priests (Orc:2)
  Sonja (Lair:4)
  4 skysharks
  Amaemon (D:8)
  8 skeletal warriors
  4 goliath frogs
  A glowing orange brain (shapeshifter) (Lair:5)
  A swamp dragon (Swamp:1)
  5 orc knights
  5 bog bodies
  4 spriggan druids
  A lindwurm (Lair:5)
  3 orc sorcerers (Orc:2)
  7 deep elf pyromancers
  5 manticores
  3 cyclopes
  2 will-o-the-wisps
  7 ugly things
  Joseph (D:7)
  3 large abominations (Lair:5)
  3 black mambas
  An orange demon (D:8)
  3 gargoyles
  14 cane toads
  4 smoke demons (Lair:5)
  Maggie (D:9)
  3 unseen horrors
  An unseen horror (shapeshifter) (D:15)
  11 rime drakes
  A yaktaur (D:15)
  A kobold demonologist (D:10)
  3 freezing wraiths
  An ancient zyme (Lair:5)
  18 komodo dragons
  6 trolls
  6 tyrant leeches
  3 polar bears
  6 hornets
  A queen bee (shapeshifter) (D:9)
  Prince Ribbit (D:9)
  10 dream sheep
  29 blink frogs
  6 slime creatures
  7 spriggans
  4 wyverns
  A centaur simulacrum (D:15)
  A ynoxinul (Lair:5)
  2 shadows
  A vampire (D:12)
  A yak (shapeshifter) (D:12)
  3 hogs (Swamp:1)
  37 yaks
  6 wraiths
  11 basilisks
  A human (Swamp:1)
  Grum (D:9)
  A chaos spawn (Lair:5)
  2 redbacks (Lair:2)
  Menkaure (D:6)
  2 steam dragons
  9 vampire mosquitoes
  12 swamp worms
  3 acid dragons
  2 wargs
  20 water moccasins
  A floating eye (D:15)
  24 orc warriors
  2 ice beasts
  A sky beast (D:8)
  3 swamp drakes
  2 black bears (D:5)
  14 ogres
  5 wolves
  14 centaurs
  8 small abominations (Lair:5)
  A kobold brigand (D:9)
  13 bullfrogs
  A water moccasin zombie (Ossuary)
  3 gnoll sergeants
  A scorpion (D:5)
  5 wights
  6 killer bees (D:9)
  3 howler monkeys
  4 electric eels
  2 vampire bats (D:3)
  A crimson imp (D:9)
  A bullfrog zombie (Ossuary)
  3 centaur zombies (Ossuary)
  24 orc priests
  2 gnoll boudas
  6 hounds
  3 sleepcaps
  5 iguanas
  26 orc wizards
  A scorpion zombie (Ossuary)
  25 hell rats
  A mummy (D:7)
  32 gnolls
  3 adders
  3 shadow imps
  A white imp (D:6)
  5 adder zombies (Ossuary)
  2 worms
  A dart slug (D:5)
  61 orcs
  8 bats
  2 endoplasms
  2 giant cockroaches (D:1)
  A goblin (D:3)
  6 hobgoblins
  7 jackals
  8 kobolds
  3 quokkas
  8 ball pythons
  5 gnoll zombies (Ossuary)
  4 goblin zombies
  A hobgoblin zombie (Ossuary)
  A kobold zombie (D:7)
  2 orc zombies (Ossuary)
  8 rats
  A spectral weapon (Swamp:2)
787 creatures vanquished.

Vanquished Creatures (others)
  An alligator (Swamp:1)
  A deep elf pyromancer (D:15)
  A swamp worm (Swamp:3)
  10 foxfires
13 creatures vanquished.

Grand Total: 800 creatures vanquished

Notes
Turn   | Place    | Note
-------+----------+-------------------------------------------
     0 | D:1      | qw the Gargoyle Fighter began the quest for the Orb.
     0 | D:1      | Reached XP level 1. HP: 14/14 MP: 1/1
     0 | D:1      | 0 ||| qw: Version: 0.3-a-9-g12657ce
     0 | D:1      | 0 ||| qw: Game counter: 1366
     0 | D:1      | 0 ||| qw: Always use a shield: true
     0 | D:1      | 0 ||| qw: God list: Okawaru
     0 | D:1      | 0 ||| qw: Allow faded altars: false
     0 | D:1      | 0 ||| qw: Do Orc after D:15 true
     0 | D:1      | 0 ||| qw: Do second Lair branch before Depths: true
     0 | D:1      | 0 ||| qw: Lair rune preference: random
     0 | D:1      | 0 ||| qw: Plans: Normal, Zot:1-4, Slime:5, God:TSO, Crypt,
                  | Tomb, Abyss, Pan, Hells, Win
     0 | D:1      | 0 ||| PLANNING D:1-11
   137 | D:1      | Reached XP level 2. HP: 18/19 MP: 2/2
   384 | D:1      | 384 ||| Stepping ~*~*~tactically~*~*~ (stealth).
   543 | D:1      | 543 ||| UPGRADING to ring of positive energy.
   544 | D:1      | 544 ||| READING scroll labelled UZINUP BOKEM.
   545 | D:1      | 545 ||| READING scroll labelled EZXEWU HOPNECH.
   546 | D:1      | 546 ||| READING scroll labelled TAPNOPNYOR.
   547 | D:1      | 547 ||| READING scroll labelled JETAUCKO YNWA.
   548 | D:1      | 548 ||| READING scroll labelled IJEWO TIFOEG.
   549 | D:1      | 549 ||| DRINKING 2 pink potions.
   593 | D:2      | Reached skill level 3 in Axes
   720 | D:2      | Reached XP level 3. HP: 23/23 MP: 3/3
   812 | D:2      | Found a radiant altar of Vehumet.
   987 | D:2      | 987 ||| UPGRADING to +1 helmet.
   992 | D:2      | 992 ||| UPGRADING to ring of positive energy.
   993 | D:2      | 993 ||| READING scroll labelled TOULAH WASKIAH.
  1024 | D:3      | 1024 ||| Stepping ~*~*~tactically~*~*~ (hiding).
  1025 | D:3      | 1025 ||| Stepping ~*~*~tactically~*~*~ (hiding).
  1026 | D:3      | 1026 ||| Stepping ~*~*~tactically~*~*~ (hiding).
  1033 | D:3      | Reached skill level 1 in Throwing
  1120 | D:3      | 1120 ||| Stepping ~*~*~tactically~*~*~ (stealth).
  1121 | D:3      | 1121 ||| Stepping ~*~*~tactically~*~*~ (stealth).
  1129 | D:3      | HP: 2/23 [gnoll/+0 halberd (5)]
  1130 | D:3      | Reached XP level 4. HP: 3/28 MP: 4/4
  1130 | D:3      | 1130 ||| DRINKING potion of heal wounds.
  1141 | D:3      | 1141 ||| FLEEEEING.
  1142 | D:3      | 1142 ||| FLEEEEING.
  1143 | D:3      | 1143 ||| FLEEEEING.
  1144 | D:3      | 1144 ||| FLEEEEING.
  1145 | D:3      | 1145 ||| FLEEEEING.
  1146 | D:3      | 1146 ||| FLEEEEING.
  1147 | D:3      | 1147 ||| FLEEEEING.
  1148 | D:3      | 1148 ||| STAIRDANCE
  1226 | D:3      | 1226 ||| STAIRDANCE
  1304 | D:3      | Found Reade's Antique Weapon Shop.
  1311 | D:3      | 1311 ||| SHOPLISTING pitted war axe (221 gold, have 71).
  1356 | D:3      | Found a blossoming altar of Fedhas.
  1356 | D:3      | Found an opulent altar of Gozag.
  1356 | D:3      | Found an iron altar of Okawaru.
  1356 | D:3      | Found a stormy altar of Qazlal.
  1357 | D:3      | 1357 ||| PLANNING OKAWARU WORSHIP
  1357 | D:3      | 1357 ||| UPGRADING to +6 ring of dexterity.
  1359 | D:3      | 1359 ||| DROPPING ring of positive energy.
  1365 | D:3      | Became a worshipper of Warmaster Okawaru
  1366 | D:3      | 1366 ||| PLANNING D:1-11
  1515 | D:3      | 1515 ||| Stepping ~*~*~tactically~*~*~ (stealth).
  1524 | D:3      | Reached skill level 1 in Dodging
  1524 | D:3      | Reached XP level 5. HP: 32/32 MP: 5/5
  1536 | D:3      | 1536 ||| Stepping ~*~*~tactically~*~*~ (stealth).
  1544 | D:3      | 1544 ||| Stepping ~*~*~tactically~*~*~ (hiding).
  1672 | D:3      | Reached XP level 6. HP: 37/37 MP: 6/6
  1797 | D:3      | Found a runed translucent door.
  1798 | D:3      | Noticed Crazy Yiuf
  1844 | D:3      | Found a faded altar of an unknown god.
  2111 | D:3      | 2111 ||| UPGRADING to +0 pair of gloves.
  2116 | D:3      | 2116 ||| UPGRADING to +0 plate armour.
  2126 | D:3      | 2126 ||| DROPPING +0 scale mail.
  2127 | D:3      | 2127 ||| READING scroll labelled YHEONENOMP.
  2128 | D:3      | 2128 ||| DRINKING 2 green potions.
  2486 | D:4      | Found Cigukken's Armour Boutique.
  2490 | D:4      | 2490 ||| SHOPLISTING +1 plate armour of Noughts and Crosses
                  | {Str+4 Dex+4 SInv} (784 gold, have 114).
  2490 | D:4      | 2490 ||| SHOPLISTING +2 pair of gloves (231 gold, have
                  | 114).
  2490 | D:4      | 2490 ||| SHOPLISTING +2 pair of gloves of stealth (301
                  | gold, have 114).
  2600 | D:4      | Found a staircase to the Ecumenical Temple.
  2916 | D:4      | 2916 ||| READING scroll labelled ZOBBIX QUSSAMP.
  2917 | D:4      | 2917 ||| READING scroll labelled KIJAOKK HAUFITIAGH.
  2918 | D:4      | 2918 ||| DROPPING +0 flail.
  2919 | D:4      | 2919 ||| READING 2 scrolls of identify.
  2919 | D:4      | 2919 ||| IDENTIFYING fizzy black potion
  2978 | D:5      | Entered Level 5 of the Dungeon
  3002 | D:5      | Noticed a wraith
  3008 | D:5      | Killed a wraith
  3067 | D:5      | Reached XP level 7. HP: 44/44 MP: 7/7
  3084 | D:5      | 3084 ||| Stepping ~*~*~tactically~*~*~ (stealth).
  3085 | D:5      | 3085 ||| Stepping ~*~*~tactically~*~*~ (stealth).
  3092 | D:5      | Reached * piety under Okawaru
  3129 | D:5      | 3129 ||| Stepping ~*~*~tactically~*~*~ (hiding).
  3130 | D:5      | 3130 ||| Stepping ~*~*~tactically~*~*~ (hiding).
  3133 | D:5      | 3133 ||| INVOKING Heroism.
  3228 | D:5      | 3228 ||| INVOKING Heroism.
  3231 | D:5      | Reached skill level 6 in Axes
  3231 | D:5      | Reached skill level 1 in Invocations
  3369 | D:5      | 3369 ||| Stepping ~*~*~tactically~*~*~ (stealth).
  3382 | D:5      | 3382 ||| Stepping ~*~*~tactically~*~*~ (stealth).
  3499 | D:5      | You fall into a shaft and drop 3 floors!
  3503 | D:8      | Noticed an orange demon
  3504 | D:8      | 3504 ||| Stepping ~*~*~tactically~*~*~ (stealth).
  3550 | D:8      | 3550 ||| INVOKING Heroism.
  3563 | D:8      | Reached skill level 3 in Invocations
  3563 | D:8      | Reached XP level 8. HP: 38/49 MP: 7/10
  3667 | D:8      | Noticed a wyvern
  3674 | D:8      | Killed a wyvern
  3674 | D:8      | Reached ** piety under Okawaru
  3719 | D:8      | 3719 ||| READING scroll of enchant armour.
  3719 | D:8      | 3719 ||| ENCHANTING +0 pair of gloves.
  3720 | D:8      | 3720 ||| READING scroll labelled OTRUOC PEXINEO.
  3721 | D:8      | 3721 ||| DRINKING 2 viscous yellow potions.
  3722 | D:8      | 3722 ||| READING 2 scrolls of identify.
  3722 | D:8      | 3722 ||| IDENTIFYING fizzy clear potion
  3732 | D:7      | 3732 ||| PLANNING OSSUARY
  3831 | D:7      | 3831 ||| Stepping ~*~*~tactically~*~*~ (stealth).
  3974 | D:7      | Identified the +1 robe of Hipt {Str+6 Dex-5}
  3997 | D:7      | Found a sand-covered staircase.
  4001 | D:7      | 4001 ||| DRINKING 2 dark potions.
  4005 | Ossuary  | Entered an ossuary
  4207 | Ossuary  | Noticed a silent spectre
  4252 | Ossuary  | 4252 ||| DRINKING 3 fuming yellow potions.
  4252 | Ossuary  | Gained mutation: Your movements are slightly less
                  | encumbered by armour. (ER -2) [potion of mutation]
  4252 | Ossuary  | Gained mutation: You are agile. (Dex +4, Str/Int -1)
                  | [potion of mutation]
  4257 | D:7      | 4257 ||| PLANNING D:1-11
  4257 | D:7      | 4257 ||| READING 2 scrolls of identify.
  4257 | D:7      | 4257 ||| IDENTIFYING fuming coppery potion
  4297 | D:6      | 4297 ||| Stepping ~*~*~tactically~*~*~ (stealth).
  4308 | D:6      | 4308 ||| Stepping ~*~*~tactically~*~*~ (stealth).
  4310 | D:6      | 4310 ||| Stepping ~*~*~tactically~*~*~ (stealth).
  4312 | D:6      | 4312 ||| Stepping ~*~*~tactically~*~*~ (stealth).
  4315 | D:6      | 4315 ||| Stepping ~*~*~tactically~*~*~ (stealth).
  4316 | D:6      | 4316 ||| INVOKING Heroism.
  4323 | D:6      | Reached XP level 9. HP: 30/54 MP: 9/12
  4325 | D:6      | HP: 9/54 [something (8)]
  4326 | D:6      | 4326 ||| DRINKING potion of heal wounds.
  4332 | D:6      | 4332 ||| INVOKING Heroism.
  4333 | D:6      | HP: 10/54 [something (4)]
  4339 | D:6      | HP: 3/54 [something (3)]
  4339 | D:6      | HP: 1/54 [something (2)]
  4409 | D:6      | 4409 ||| Stepping ~*~*~tactically~*~*~ (stealth).
  4452 | D:6      | 4452 ||| INVOKING Heroism.
  4470 | D:6      | Reached skill level 6 in Fighting
  4481 | D:6      | 4481 ||| INVOKING Heroism.
  4623 | D:6      | 4623 ||| UPGRADING to ring of protection from cold.
  4804 | D:6      | Found a runed translucent door.
  4806 | D:6      | Noticed qw's ghost (novice NaHu)
  5398 | D:6      | Noticed Menkaure
  5399 | D:6      | 5399 ||| INVOKING Heroism.
  5403 | D:6      | Killed Menkaure
  5456 | D:6      | Reached skill level 9 in Axes
  5463 | D:6      | 5463 ||| Stepping ~*~*~tactically~*~*~ (stealth).
  5464 | D:6      | 5464 ||| Stepping ~*~*~tactically~*~*~ (stealth).
  5470 | D:6      | Reached *** piety under Okawaru
  5641 | D:6      | 5641 ||| READING scroll labelled ROCVAXKIMEXI.
  5642 | D:6      | 5642 ||| READING 3 scrolls of identify.
  5642 | D:6      | 5642 ||| IDENTIFYING fuming pink potion
  5716 | D:7      | 5716 ||| READING scroll of enchant weapon.
  5716 | D:7      | 5716 ||| ENCHANTING +1 war axe of flaming.
  5768 | D:7      | 5768 ||| FLEEEEING.
  5769 | D:7      | 5769 ||| FLEEEEING.
  5770 | D:7      | 5770 ||| FLEEEEING.
  5771 | D:7      | 5771 ||| FLEEEEING.
  5772 | D:7      | 5772 ||| FLEEEEING.
  5773 | D:7      | 5773 ||| FLEEEEING.
  5774 | D:7      | 5774 ||| FLEEEEING.
  5775 | D:7      | 5775 ||| FLEEEEING.
  5776 | D:7      | 5776 ||| FLEEEEING.
  5777 | D:7      | 5777 ||| FLEEEEING.
  5778 | D:7      | 5778 ||| FLEEEEING.
  5779 | D:7      | 5779 ||| FLEEEEING.
  5780 | D:7      | 5780 ||| FLEEEEING.
  5781 | D:7      | 5781 ||| FLEEEEING.
  5782 | D:7      | 5782 ||| FLEEEEING.
  5786 | D:7      | 5786 ||| DRINKING 2 potions of curing.
  5786 | D:7      | 5786 ||| (to cure confusion)
  5787 | D:7      | 5787 ||| DRINKING potion of curing.
  5787 | D:7      | 5787 ||| (to cure confusion)
  6021 | D:7      | Reached skill level 6 in Armour
  6065 | D:7      | Noticed Joseph
  6073 | D:7      | 6073 ||| INVOKING Heroism.
  6075 | D:7      | Killed Joseph
  6109 | D:7      | 6109 ||| FLEEEEING.
  6110 | D:7      | 6110 ||| FLEEEEING.
  6111 | D:7      | 6111 ||| FLEEEEING.
  6112 | D:7      | 6112 ||| FLEEEEING.
  6113 | D:7      | 6113 ||| FLEEEEING.
  6114 | D:7      | 6114 ||| FLEEEEING.
  6117 | D:7      | 6117 ||| FLEEEEING.
  6118 | D:7      | 6118 ||| FLEEEEING.
  6121 | D:7      | 6121 ||| FLEEEEING.
  6122 | D:7      | 6122 ||| FLEEEEING.
  6123 | D:7      | 6123 ||| FLEEEEING.
  6126 | D:7      | 6126 ||| FLEEEEING.
  6127 | D:7      | 6127 ||| FLEEEEING.
  6128 | D:7      | 6128 ||| Stepping ~*~*~tactically~*~*~ (hiding).
  6134 | D:7      | 6134 ||| INVOKING Heroism.
  6141 | D:7      | Reached XP level 10. HP: 61/63 MP: 10/13
  6179 | D:7      | 6179 ||| READING scroll of enchant weapon.
  6179 | D:7      | 6179 ||| ENCHANTING +2 war axe of flaming.
  6371 | D:7      | 6371 ||| READING 2 scrolls of identify.
  6371 | D:7      | 6371 ||| IDENTIFYING red potion
  6415 | D:8      | 6415 ||| INVOKING Heroism.
  6446 | D:8      | 6446 ||| INVOKING Heroism.
  6479 | D:8      | 6479 ||| INVOKING Heroism.
  6496 | D:8      | 6496 ||| Stepping ~*~*~tactically~*~*~ (stealth).
  6529 | D:8      | 6529 ||| Stepping ~*~*~tactically~*~*~ (stealth).
  6603 | D:8      | Noticed Amaemon
  6604 | D:8      | 6604 ||| Stepping ~*~*~tactically~*~*~ (hiding).
  6605 | D:8      | 6605 ||| Stepping ~*~*~tactically~*~*~ (hiding).
  6608 | D:8      | 6608 ||| Stepping ~*~*~tactically~*~*~ (hiding).
  6612 | D:8      | 6612 ||| INVOKING Heroism.
  6621 | D:8      | Killed Amaemon
  6630 | D:8      | Killed an orange demon
  6790 | D:8      | 6790 ||| Stepping ~*~*~tactically~*~*~ (stealth).
  6792 | D:8      | 6792 ||| Stepping ~*~*~tactically~*~*~ (stealth).
  6794 | D:8      | 6794 ||| Stepping ~*~*~tactically~*~*~ (hiding).
  6795 | D:8      | 6795 ||| Stepping ~*~*~tactically~*~*~ (hiding).
  6797 | D:8      | 6797 ||| Stepping ~*~*~tactically~*~*~ (hiding).
  6906 | D:8      | 6906 ||| READING 2 scrolls of identify.
  6906 | D:8      | 6906 ||| IDENTIFYING sedimented pink potion
  6984 | D:8      | 6984 ||| DROPPING potion of degeneration.
  7077 | D:8      | 7077 ||| Stepping ~*~*~tactically~*~*~ (stealth).
  7124 | D:8      | 7124 ||| INVOKING Heroism.
  7299 | D:9      | Noticed Maggie
  7300 | D:9      | 7300 ||| Stepping ~*~*~tactically~*~*~ (hiding).
  7312 | D:9      | Killed Maggie
  7377 | D:9      | Found a shimmering altar of Xom.
  7377 | D:9      | Found a burning altar of Makhleb.
  7377 | D:9      | Noticed Prince Ribbit
  7384 | D:9      | Paralysed by a crimson imp for 5 turns
  7393 | D:9      | 7393 ||| INVOKING Heroism.
  7396 | D:9      | Killed Prince Ribbit
  7539 | D:9      | 7539 ||| Stepping ~*~*~tactically~*~*~ (stealth).
  7543 | D:9      | 7543 ||| Stepping ~*~*~tactically~*~*~ (hiding).
  7549 | D:9      | 7549 ||| INVOKING Heroism.
  7566 | D:9      | Noticed a two-headed ogre
  7573 | D:9      | Killed a two-headed ogre
  7573 | D:9      | Reached **** piety under Okawaru
  7619 | D:9      | 7619 ||| INVOKING Heroism.
  7624 | D:9      | Noticed a brown ugly thing
  7624 | D:9      | HP: 2/64 [acid dragon/splash of acid (34)]
  7625 | D:9      | 7625 ||| DRINKING potion of heal wounds.
  7628 | D:9      | Reached XP level 11. HP: 18/68 MP: 12/14
  7630 | D:9      | Reached skill level 3 in Dodging
  7632 | D:9      | Killed a brown ugly thing
  7652 | D:9      | Noticed a centaur warrior
  7653 | D:9      | 7653 ||| INVOKING Heroism.
  7653 | D:9      | HP: 10/69 [centaur warrior/arrow (16)]
  7658 | D:9      | Killed a centaur warrior
  7658 | D:9      | Received a gift from Okawaru
  7710 | D:9      | 7710 ||| FLEEEEING.
  7714 | D:9      | 7714 ||| STAIRDANCE
  8111 | D:8      | 8111 ||| Stepping ~*~*~tactically~*~*~ (stealth).
  8112 | D:8      | 8112 ||| Stepping ~*~*~tactically~*~*~ (stealth).
  8114 | D:8      | 8114 ||| READING scroll labelled WOTZUJ DUF.
  8116 | D:8      | 8116 ||| FLEEEEING.
  8117 | D:8      | 8117 ||| FLEEEEING.
  8166 | D:9      | 8166 ||| Stepping ~*~*~tactically~*~*~ (stealth).
  8167 | D:9      | 8167 ||| Stepping ~*~*~tactically~*~*~ (stealth).
  8169 | D:9      | 8169 ||| Stepping ~*~*~tactically~*~*~ (stealth).
  8183 | D:9      | Reached skill level 9 in Fighting
  8184 | D:9      | 8184 ||| INVOKING Heroism.
  8276 | D:9      | 8276 ||| Stepping ~*~*~tactically~*~*~ (stealth).
  8277 | D:9      | 8277 ||| Stepping ~*~*~tactically~*~*~ (stealth).
  8278 | D:9      | 8278 ||| Stepping ~*~*~tactically~*~*~ (stealth).
  8338 | D:9      | Found a glowing silver altar of Zin.
  8343 | D:9      | Found a shadowy altar of Dithmenos.
  8363 | D:9      | 8363 ||| Stepping ~*~*~tactically~*~*~ (stealth).
  8364 | D:9      | 8364 ||| Stepping ~*~*~tactically~*~*~ (stealth).
  8368 | D:9      | Reached skill level 6 in Invocations
  8390 | D:9      | 8390 ||| Stepping ~*~*~tactically~*~*~ (hiding).
  8394 | D:9      | 8394 ||| INVOKING Heroism.
  8394 | D:9      | Noticed Grum
  8416 | D:9      | Killed Grum
  8433 | D:9      | 8433 ||| INVOKING Heroism.
  8566 | D:9      | 8566 ||| DRINKING potion of curing.
  8566 | D:9      | 8566 ||| (to cure confusion)
  8687 | D:9      | Found a sacrificial altar of Ru.
  8720 | D:9      | Noticed a centaur warrior
  8727 | D:9      | Killed a centaur warrior
  8799 | D:9      | 8799 ||| Stepping ~*~*~tactically~*~*~ (stealth).
  8833 | D:9      | 8833 ||| Stepping ~*~*~tactically~*~*~ (hiding).
  8839 | D:9      | 8839 ||| INVOKING Heroism.
  8902 | D:9      | Identified the +3 leather armour "Caup" {rC+ Int+5 Slay-2}
  8943 | D:9      | 8943 ||| INVOKING Heroism.
  9008 | D:9      | 9008 ||| Stepping ~*~*~tactically~*~*~ (stealth).
  9089 | D:9      | 9089 ||| DROPPING ring of positive energy.
  9090 | D:9      | 9090 ||| DROPPING +6 ring of dexterity.
  9091 | D:9      | 9091 ||| UPGRADING to +5 ring of evasion.
  9093 | D:9      | 9093 ||| UPGRADING to ring of protection from cold.
  9095 | D:9      | 9095 ||| READING 2 scrolls of identify.
  9095 | D:9      | 9095 ||| IDENTIFYING sedimented grey potion
  9096 | D:9      | 9096 ||| DROPPING potion of brilliance.
  9148 | D:10     | Entered Level 10 of the Dungeon
  9148 | D:10     | Found a staircase to the Orcish Mines.
  9153 | D:10     | Reached skill level 3 in Throwing
  9199 | D:10     | 9199 ||| Stepping ~*~*~tactically~*~*~ (stealth).
  9200 | D:10     | 9200 ||| Stepping ~*~*~tactically~*~*~ (stealth).
  9356 | D:10     | Noticed a two-headed ogre
  9357 | D:10     | 9357 ||| INVOKING Heroism.
  9365 | D:10     | Killed a two-headed ogre
  9365 | D:10     | Reached ***** piety under Okawaru
  9406 | D:10     | Noticed a centaur warrior
  9407 | D:10     | 9407 ||| Stepping ~*~*~tactically~*~*~ (stealth).
  9409 | D:10     | Reached XP level 12. HP: 76/76 MP: 18/18
  9413 | D:10     | 9413 ||| Stepping ~*~*~tactically~*~*~ (hiding).
  9415 | D:10     | 9415 ||| Stepping ~*~*~tactically~*~*~ (hiding).
  9426 | D:10     | Killed a centaur warrior
  9440 | D:10     | Reached skill level 9 in Invocations
  9445 | D:10     | 9445 ||| INVOKING Heroism.
  9720 | D:10     | Received a gift from Okawaru
  9861 | D:10     | 9861 ||| READING scroll labelled REZIGOX KOEKOC.
 10305 | D:11     | 10305 ||| Stepping ~*~*~tactically~*~*~ (hiding).
 10306 | D:11     | 10306 ||| Stepping ~*~*~tactically~*~*~ (hiding).
 10451 | D:11     | 10451 ||| INVOKING Heroism.
 10482 | D:11     | Found a staircase to the Lair.
 10733 | D:11     | 10733 ||| PLANNING LAIR
 10733 | D:11     | 10733 ||| READING 2 scrolls of identify.
 10733 | D:11     | 10733 ||| IDENTIFYING amethyst potion
 10734 | D:11     | 10734 ||| DROPPING potion of berserk rage.
 10789 | Lair:1   | Entered Level 1 of the Lair of Beasts
 10810 | Lair:1   | 10810 ||| FLEEEEING.
 10811 | Lair:1   | 10811 ||| FLEEEEING.
 10812 | Lair:1   | 10812 ||| STAIRDANCE
 10908 | Lair:1   | Noticed a skyshark
 10911 | Lair:1   | 10911 ||| Stepping ~*~*~tactically~*~*~ (water).
 10917 | Lair:1   | 10917 ||| INVOKING Heroism.
 10922 | Lair:1   | Killed a skyshark
 10922 | Lair:1   | Received a gift from Okawaru
 10926 | Lair:1   | Reached skill level 12 in Axes
 11064 | Lair:1   | 11064 ||| INVOKING Heroism.
 11211 | Lair:1   | 11211 ||| Stepping ~*~*~tactically~*~*~ (stealth).
 11212 | Lair:1   | 11212 ||| INVOKING Heroism.
 11227 | Lair:1   | 11227 ||| Stepping ~*~*~tactically~*~*~ (stealth).
 11239 | Lair:1   | Reached skill level 6 in Shields
 11374 | Lair:1   | 11374 ||| INVOKING Heroism.
 11706 | Lair:1   | 11706 ||| INVOKING Heroism.
 11714 | Lair:1   | Reached skill level 9 in Armour
 11766 | Lair:1   | 11766 ||| INVOKING Heroism.
 11775 | Lair:1   | Received a gift from Okawaru
 12070 | Lair:2   | 12070 ||| INVOKING Heroism.
 12094 | Lair:2   | 12094 ||| Stepping ~*~*~tactically~*~*~ (hiding).
 12098 | Lair:2   | 12098 ||| INVOKING Heroism.
 12112 | Lair:2   | Found a staircase to the Swamp.
 12114 | Lair:2   | 12114 ||| Stepping ~*~*~tactically~*~*~ (stealth).
 12119 | Lair:2   | Received a gift from Okawaru
 12129 | Lair:2   | 12129 ||| INVOKING Heroism.
 12266 | Lair:2   | Found an iron altar of Okawaru.
 12297 | Lair:2   | 12297 ||| INVOKING Heroism.
 12299 | Lair:2   | 12299 ||| Stepping ~*~*~tactically~*~*~ (stealth).
 12305 | Lair:2   | 12305 ||| Stepping ~*~*~tactically~*~*~ (stealth).
 12306 | Lair:2   | 12306 ||| Stepping ~*~*~tactically~*~*~ (stealth).
 12397 | Lair:2   | Noticed an eight-headed hydra
 12398 | Lair:2   | 12398 ||| INVOKING Heroism.
 12406 | Lair:2   | Killed a five-headed hydra
 12407 | Lair:2   | Reached XP level 13. HP: 41/82 MP: 18/20
 12592 | Lair:2   | 12592 ||| INVOKING Heroism.
 12706 | Lair:2   | 12706 ||| Stepping ~*~*~tactically~*~*~ (stealth).
 12708 | Lair:2   | 12708 ||| Stepping ~*~*~tactically~*~*~ (stealth).
 12754 | Lair:2   | 12754 ||| INVOKING Heroism.
 12799 | Lair:2   | 12799 ||| Stepping ~*~*~tactically~*~*~ (stealth).
 12830 | Lair:2   | 12830 ||| INVOKING Heroism.
 12831 | Lair:2   | 12831 ||| INVOKING Finesse.
 12926 | Lair:2   | Found a hole to the Spider Nest.
 13261 | Lair:2   | 13261 ||| DROPPING +1 helmet.
 13320 | Lair:3   | Received a gift from Okawaru
 13333 | Lair:3   | Identified the +13 tower shield "Uggow" {rPois rF+ rC-
                  | rCorr} (Okawaru gifted it to you on level 3 of the Lair of
                  | Beasts)
 13333 | Lair:3   | Received a gift from Okawaru
 13718 | Lair:3   | Identified the +0 leather armour of Okawaru's Respect {rN+
                  | Str+4 Dex+3}
 13764 | Lair:3   | 13764 ||| INVOKING Heroism.
 13848 | Lair:3   | 13848 ||| INVOKING Heroism.
 13849 | Lair:3   | 13849 ||| Stepping ~*~*~tactically~*~*~ (hiding).
 13862 | Lair:3   | 13862 ||| Stepping ~*~*~tactically~*~*~ (stealth).
 13863 | Lair:3   | 13863 ||| Stepping ~*~*~tactically~*~*~ (stealth).
 13916 | Lair:3   | 13916 ||| INVOKING Heroism.
 14062 | Lair:3   | 14062 ||| FLEEEEING.
 14063 | Lair:3   | 14063 ||| FLEEEEING.
 14064 | Lair:3   | 14064 ||| FLEEEEING.
 14065 | Lair:3   | 14065 ||| STAIRDANCE
 14167 | Lair:2   | 14167 ||| UPGRADING to +13 tower shield "Uggow" {rPois rF+
                  | rC- rCorr}.
 14177 | Lair:2   | 14177 ||| DROPPING +0 buckler.
 14178 | Lair:2   | 14178 ||| READING scroll labelled LEMUG BINUUCOS.
 14518 | Lair:3   | 14518 ||| Stepping ~*~*~tactically~*~*~ (stealth).
 14520 | Lair:3   | 14520 ||| Stepping ~*~*~tactically~*~*~ (stealth).
 14521 | Lair:3   | 14521 ||| INVOKING Heroism.
 14576 | Lair:4   | Noticed Sonja
 14579 | Lair:4   | 14579 ||| INVOKING Heroism.
 14585 | Lair:4   | Killed Sonja
 14700 | Lair:4   | 14700 ||| Stepping ~*~*~tactically~*~*~ (stealth).
 14701 | Lair:4   | 14701 ||| Stepping ~*~*~tactically~*~*~ (stealth).
 14702 | Lair:4   | 14702 ||| Stepping ~*~*~tactically~*~*~ (stealth).
 14745 | Lair:4   | Gained mutation: Your large and strong wings let you fly.
                  | [Gargoyle growth]
 14745 | Lair:4   | Reached XP level 14. HP: 88/88 MP: 21/21
 14840 | Lair:4   | 14840 ||| Stepping ~*~*~tactically~*~*~ (stealth).
 14842 | Lair:4   | 14842 ||| Stepping ~*~*~tactically~*~*~ (stealth).
 14844 | Lair:4   | 14844 ||| Stepping ~*~*~tactically~*~*~ (hiding).
 14857 | Lair:4   | Reached skill level 9 in Shields
 14923 | Lair:4   | Noticed Rupert
 14924 | Lair:4   | 14924 ||| Stepping ~*~*~tactically~*~*~ (stealth).
 14928 | Lair:4   | 14928 ||| INVOKING Heroism.
 14947 | Lair:4   | 14947 ||| INVOKING Heroism.
 14954 | Lair:4   | HP: 15/88 [Rupert/+2 battleaxe of distortion (26)]
 14955 | Lair:4   | 14955 ||| READING 3 scrolls of teleportation.
 14956 | Lair:4   | 14956 ||| DRINKING 2 potions of heal wounds.
 14961 | Lair:4   | 14961 ||| FLEEEEING.
 14962 | Lair:4   | 14962 ||| FLEEEEING.
 14963 | Lair:4   | 14963 ||| FLEEEEING.
 14964 | Lair:4   | 14964 ||| FLEEEEING.
 14965 | Lair:4   | 14965 ||| FLEEEEING.
 14966 | Lair:4   | 14966 ||| FLEEEEING.
 14967 | Lair:4   | 14967 ||| FLEEEEING.
 14968 | Lair:4   | 14968 ||| FLEEEEING.
 14969 | Lair:4   | 14969 ||| FLEEEEING.
 14979 | Lair:4   | 14979 ||| DRINKING 2 potions of curing.
 14979 | Lair:4   | 14979 ||| (to cure confusion)
 14980 | Lair:4   | 14980 ||| DRINKING potion of curing.
 14980 | Lair:4   | 14980 ||| (to cure confusion)
 14985 | Lair:4   | Killed Rupert
 15363 | Lair:4   | Found a staircase to the Slime Pits.
 15382 | Lair:4   | Found a viscous altar of Jiyva.
 15422 | Lair:4   | Noticed Snorg
 15423 | Lair:4   | 15423 ||| INVOKING Heroism.
 15435 | Lair:4   | Killed Snorg
 15551 | Lair:5   | Entered Level 5 of the Lair of Beasts
 15552 | Lair:5   | 15552 ||| INVOKING Heroism.
 15553 | Lair:5   | 15553 ||| Stepping ~*~*~tactically~*~*~ (stealth).
 15554 | Lair:5   | 15554 ||| Stepping ~*~*~tactically~*~*~ (stealth).
 15555 | Lair:5   | 15555 ||| Stepping ~*~*~tactically~*~*~ (stealth).
 15672 | Lair:5   | 15672 ||| INVOKING Heroism.
 15679 | Lair:5   | Received a gift from Okawaru
 15835 | Lair:5   | 15835 ||| Stepping ~*~*~tactically~*~*~ (stealth).
 15852 | Lair:5   | 15852 ||| Stepping ~*~*~tactically~*~*~ (stealth).
 15861 | Lair:5   | 15861 ||| INVOKING Heroism.
 15924 | Lair:5   | 15924 ||| Stepping ~*~*~tactically~*~*~ (stealth).
 15932 | Lair:5   | 15932 ||| Stepping ~*~*~tactically~*~*~ (stealth).
 15944 | Lair:5   | 15944 ||| Stepping ~*~*~tactically~*~*~ (stealth).
 16041 | Lair:5   | 16041 ||| Stepping ~*~*~tactically~*~*~ (hiding).
 16090 | Lair:5   | 16090 ||| READING scroll of enchant armour.
 16090 | Lair:5   | 16090 ||| ENCHANTING +1 pair of gloves.
 16172 | Lair:5   | Reached skill level 12 in Shields
 16267 | Lair:5   | Identified the +6 falchion of the Kidney {drain, Drain
                  | rC+++ Str+5 Dex-3}
 16279 | Lair:5   | 16279 ||| Stepping ~*~*~tactically~*~*~ (stealth).
 16488 | Lair:5   | 16488 ||| Stepping ~*~*~tactically~*~*~ (hiding).
 16489 | Lair:5   | 16489 ||| Stepping ~*~*~tactically~*~*~ (hiding).
 16492 | Lair:5   | 16492 ||| Stepping ~*~*~tactically~*~*~ (hiding).
 16521 | Lair:5   | 16521 ||| Stepping ~*~*~tactically~*~*~ (hiding).
 16524 | Lair:5   | 16524 ||| Stepping ~*~*~tactically~*~*~ (hiding).
 16669 | Lair:5   | Received a gift from Okawaru
 16789 | Lair:5   | 16789 ||| FLEEEEING.
 16790 | Lair:5   | 16790 ||| FLEEEEING.
 16796 | Lair:5   | 16796 ||| FLEEEEING.
 16797 | Lair:5   | 16797 ||| FLEEEEING.
 16798 | Lair:5   | 16798 ||| FLEEEEING.
 16923 | Lair:5   | 16923 ||| FLEEEEING.
 16924 | Lair:5   | 16924 ||| FLEEEEING.
 16925 | Lair:5   | 16925 ||| FLEEEEING.
 16926 | Lair:5   | 16926 ||| FLEEEEING.
 16927 | Lair:5   | 16927 ||| FLEEEEING.
 16929 | Lair:5   | 16929 ||| FLEEEEING.
 16930 | Lair:5   | 16930 ||| FLEEEEING.
 16931 | Lair:5   | 16931 ||| FLEEEEING.
 16932 | Lair:5   | 16932 ||| FLEEEEING.
 16933 | Lair:5   | 16933 ||| FLEEEEING.
 16934 | Lair:5   | 16934 ||| FLEEEEING.
 16938 | Lair:5   | 16938 ||| FLEEEEING.
 16939 | Lair:5   | 16939 ||| FLEEEEING.
 16940 | Lair:5   | 16940 ||| FLEEEEING.
 16942 | Lair:5   | 16942 ||| FLEEEEING.
 17063 | Lair:5   | 17063 ||| Stepping ~*~*~tactically~*~*~ (stealth).
 17085 | Lair:5   | 17085 ||| Stepping ~*~*~tactically~*~*~ (hiding).
 17092 | Lair:5   | Received a gift from Okawaru
 17201 | Lair:5   | 17201 ||| INVOKING Heroism.
 17290 | Lair:5   | Found a corrupted altar of Lugonu.
 17293 | Lair:5   | Found a one-way gate to the infinite horrors of the Abyss.
 17355 | Lair:5   | 17355 ||| Stepping ~*~*~tactically~*~*~ (stealth).
 17362 | Lair:5   | Reached XP level 15. HP: 93/93 MP: 22/22
 17621 | Lair:5   | 17621 ||| PLANNING D
 17621 | Lair:5   | 17621 ||| READING scroll labelled TUXKYM VUBRUAN.
 17804 | D:12     | 17804 ||| Stepping ~*~*~tactically~*~*~ (stealth).
 17805 | D:12     | 17805 ||| Stepping ~*~*~tactically~*~*~ (stealth).
 17806 | D:12     | 17806 ||| Stepping ~*~*~tactically~*~*~ (stealth).
 17949 | D:12     | Found an iron altar of Okawaru.
 17950 | D:12     | 17950 ||| DRINKING 3 potions of curing.
 17950 | D:12     | 17950 ||| (to cure confusion)
 17960 | D:12     | Reached skill level 15 in Shields
 18041 | D:12     | Identified the +3 quarterstaff of Behima {protect, rC+
                  | Str+3 Int+3}
 18120 | D:12     | 18120 ||| Stepping ~*~*~tactically~*~*~ (hiding).
 18149 | D:12     | Received a gift from Okawaru
 18226 | D:12     | 18226 ||| READING scroll of enchant weapon.
 18226 | D:12     | 18226 ||| ENCHANTING +3 war axe of flaming.
 18330 | D:12     | Received a gift from Okawaru
 18423 | D:12     | 18423 ||| Stepping ~*~*~tactically~*~*~ (hiding).
 18425 | D:12     | 18425 ||| Stepping ~*~*~tactically~*~*~ (hiding).
 18566 | D:12     | Found a hide-covered altar of Uskayaw.
 18567 | D:12     | 18567 ||| Stepping ~*~*~tactically~*~*~ (hiding).
 18570 | D:12     | 18570 ||| INVOKING Heroism.
 18759 | D:12     | 18759 ||| DROPPING scarf of invisibility.
 18760 | D:12     | 18760 ||| READING scroll labelled OPNALUN UNKOO.
 18760 | D:12     | Identified a scroll of acquirement
 18760 | D:12     | 18760 ||| ACQUIRING 815 gold pieces
 18760 | D:12     | Acquired 815 gold pieces
 18799 | D:13     | 18799 ||| INVOKING Heroism.
 19062 | D:13     | 19062 ||| Stepping ~*~*~tactically~*~*~ (hiding).
 19063 | D:13     | 19063 ||| Stepping ~*~*~tactically~*~*~ (hiding).
 19432 | D:13     | Reached skill level 6 in Throwing
 19442 | D:13     | Found a gate to the Vaults.
 19976 | D:14     | 19976 ||| INVOKING Heroism.
 20093 | D:14     | 20093 ||| Stepping ~*~*~tactically~*~*~ (hiding).
 20095 | D:14     | 20095 ||| Stepping ~*~*~tactically~*~*~ (hiding).
 20227 | D:14     | Found Sesun's Book Emporium.
 20321 | D:14     | 20321 ||| INVOKING Heroism.
 20339 | D:14     | Reached skill level 15 in Axes
 20487 | D:14     | Found a sacrificial altar of Ru.
 20511 | D:14     | 20511 ||| UPGRADING to +0 cloak.
 20516 | D:14     | 20516 ||| READING 8 scrolls of identify.
 20516 | D:14     | 20516 ||| IDENTIFYING smoky yellow potion
 20517 | D:14     | 20517 ||| DROPPING potion of ambrosia.
 20565 | D:15     | Entered Level 15 of the Dungeon
 20614 | D:15     | Received a gift from Okawaru
 20620 | D:15     | 20620 ||| SWAPPING to +0 broad axe of electrocution.
 20633 | D:15     | 20633 ||| INVOKING Heroism.
 20641 | D:15     | Paralysed by something for 3 turns
 20646 | D:15     | Paralysed by something for 3 turns
 20750 | D:15     | 20750 ||| Stepping ~*~*~tactically~*~*~ (hiding).
 20756 | D:15     | 20756 ||| INVOKING Heroism.
 20921 | D:15     | 20921 ||| Stepping ~*~*~tactically~*~*~ (hiding).
 21027 | D:15     | 21027 ||| Stepping ~*~*~tactically~*~*~ (hiding).
 21030 | D:15     | 21030 ||| Stepping ~*~*~tactically~*~*~ (hiding).
 21032 | D:15     | 21032 ||| INVOKING Heroism.
 21061 | D:15     | Reached XP level 16. HP: 101/101 MP: 23/23
 21076 | D:15     | 21076 ||| INVOKING Heroism.
 21104 | D:15     | Reached skill level 12 in Fighting
 21289 | D:15     | 21289 ||| INVOKING Heroism.
 21305 | D:15     | 21305 ||| FLEEEEING.
 21306 | D:15     | 21306 ||| FLEEEEING.
 21307 | D:15     | 21307 ||| FLEEEEING.
 21308 | D:15     | 21308 ||| FLEEEEING.
 21311 | D:15     | 21311 ||| FLEEEEING.
 21312 | D:15     | 21312 ||| FLEEEEING.
 21313 | D:15     | 21313 ||| FLEEEEING.
 21316 | D:15     | 21316 ||| FLEEEEING.
 21317 | D:15     | 21317 ||| FLEEEEING.
 21318 | D:15     | 21318 ||| FLEEEEING.
 21319 | D:15     | 21319 ||| INVOKING Heroism.
 21367 | D:15     | 21367 ||| INVOKING Heroism.
 21770 | D:15     | 21770 ||| INVOKING Heroism.
 21772 | D:15     | 21772 ||| Stepping ~*~*~tactically~*~*~ (hiding).
 21780 | D:15     | Received a gift from Okawaru
 21782 | D:15     | 21782 ||| Stepping ~*~*~tactically~*~*~ (stealth).
 21783 | D:15     | 21783 ||| SWAPPING to +4 war axe of flaming.
 21787 | D:15     | 21787 ||| SWAPPING to +0 broad axe of electrocution.
 21922 | D:15     | 21922 ||| Stepping ~*~*~tactically~*~*~ (hiding).
 21926 | D:15     | 21926 ||| INVOKING Heroism.
 22109 | D:15     | Found a staircase to the Depths.
 22246 | D:15     | 22246 ||| PLANNING ORC
 22246 | D:15     | 22246 ||| DROPPING +3 chain mail.
 22247 | D:15     | 22247 ||| UPGRADING to amulet of the acrobat.
 22252 | D:15     | 22252 ||| DROPPING +6 ring of dexterity.
 22253 | D:15     | 22253 ||| UPGRADING to +6 ring of strength.
 22354 | Orc:1    | Entered Level 1 of the Orcish Mines
 22381 | Orc:1    | 22381 ||| Stepping ~*~*~tactically~*~*~ (hiding).
 22382 | Orc:1    | 22382 ||| Stepping ~*~*~tactically~*~*~ (hiding).
 22518 | Orc:2    | Entered Level 2 of the Orcish Mines
 22519 | Orc:2    | 22519 ||| INVOKING Heroism.
 22523 | Orc:2    | 22523 ||| STAIRDANCE
 22525 | Orc:1    | 22525 ||| DRINKING 3 potions of curing.
 22525 | Orc:1    | 22525 ||| (to cure confusion)
 22603 | Orc:2    | 22603 ||| INVOKING Heroism.
 22716 | Orc:1    | Found Kypuim's Book Emporium.
 22749 | Orc:1    | 22749 ||| Stepping ~*~*~tactically~*~*~ (hiding).
 22751 | Orc:1    | 22751 ||| Stepping ~*~*~tactically~*~*~ (hiding).
 22834 | Orc:2    | 22834 ||| Stepping ~*~*~tactically~*~*~ (stealth).
 22839 | Orc:2    | Received a gift from Okawaru
 22860 | Orc:1    | Found Udetuad's Weapon Shop.
 22863 | Orc:1    | Noticed Erica
 22864 | Orc:1    | 22864 ||| INVOKING Heroism.
 22865 | Orc:1    | 22865 ||| INVOKING Finesse.
 22887 | Orc:1    | Killed Erica
 22995 | Orc:1    | Found Quite's Weapon Emporium.
 23069 | Orc:1    | 23069 ||| Stepping ~*~*~tactically~*~*~ (hiding).
 23072 | Orc:1    | 23072 ||| Stepping ~*~*~tactically~*~*~ (hiding).
 23074 | Orc:1    | 23074 ||| Stepping ~*~*~tactically~*~*~ (hiding).
 23087 | Orc:1    | 23087 ||| Stepping ~*~*~tactically~*~*~ (hiding).
 23090 | Orc:1    | 23090 ||| Stepping ~*~*~tactically~*~*~ (hiding).
 23124 | Orc:1    | 23124 ||| UPGRADING to +1 plate armour of fire resistance.
 23134 | Orc:1    | 23134 ||| DROPPING +0 plate armour.
 23135 | Orc:1    | 23135 ||| DROPPING +0 fire dragon scales.
 23159 | Orc:2    | Found a staircase to the Elven Halls.
 23232 | Orc:2    | 23232 ||| Stepping ~*~*~tactically~*~*~ (stealth).
 23243 | Orc:2    | 23243 ||| Stepping ~*~*~tactically~*~*~ (stealth).
 23246 | Orc:2    | Paralysed by an orc sorcerer for 4 turns
 23250 | Orc:2    | 23250 ||| INVOKING Heroism.
 23260 | Orc:2    | HP: 17/101 [orc high priest/divine providence (11)]
 23261 | Orc:2    | 23261 ||| READING 4 scrolls of teleportation.
 23261 | Orc:2    | HP: 5/101 [orc priest/divine providence (12)]
 23262 | Orc:2    | 23262 ||| DRINKING 4 potions of heal wounds.
 23263 | Orc:2    | 23263 ||| DRINKING 3 potions of heal wounds.
 23266 | Orc:2    | 23266 ||| FLEEEEING.
 23275 | Orc:2    | 23275 ||| INVOKING Heroism.
 23276 | Orc:2    | HP: 16/101 [orc high priest/divine providence (16)]
 23277 | Orc:2    | 23277 ||| READING 3 scrolls of teleportation.
 23278 | Orc:2    | 23278 ||| DRINKING 2 potions of heal wounds.
 23314 | Orc:2    | 23314 ||| Stepping ~*~*~tactically~*~*~ (stealth).
 23316 | Orc:2    | 23316 ||| Stepping ~*~*~tactically~*~*~ (stealth).
 23332 | Orc:2    | 23332 ||| INVOKING Heroism.
 23346 | Orc:2    | 23346 ||| Stepping ~*~*~tactically~*~*~ (stealth).
 23347 | Orc:2    | 23347 ||| Stepping ~*~*~tactically~*~*~ (stealth).
 23348 | Orc:2    | 23348 ||| Stepping ~*~*~tactically~*~*~ (hiding).
 23349 | Orc:2    | 23349 ||| Stepping ~*~*~tactically~*~*~ (hiding).
 23366 | Orc:2    | Identified the +1 tower shield "Gaxkasuu" {rElec Str-5
                  | Dex+3} (Okawaru gifted it to you on level 2 of the Orcish
                  | Mines)
 23366 | Orc:2    | Received a gift from Okawaru
 23446 | Orc:2    | 23446 ||| Stepping ~*~*~tactically~*~*~ (stealth).
 23447 | Orc:2    | 23447 ||| Stepping ~*~*~tactically~*~*~ (stealth).
 23448 | Orc:2    | 23448 ||| Stepping ~*~*~tactically~*~*~ (stealth).
 23449 | Orc:2    | 23449 ||| Stepping ~*~*~tactically~*~*~ (stealth).
 23450 | Orc:2    | 23450 ||| INVOKING Heroism.
 23462 | Orc:2    | HP: 25/101 [orc high priest/nerve-wracking pain (5)]
 23463 | Orc:2    | 23463 ||| READING 2 scrolls of teleportation.
 23464 | Orc:2    | 23464 ||| DRINKING potion of heal wounds.
 23467 | Orc:2    | Found Zaomax's General Store.
 23467 | Orc:2    | Found Cycaeril's Weapon Shop.
 23467 | Orc:2    | Found Ceynug's Assorted Antiques.
 23468 | Orc:2    | 23468 ||| FLEEEEING.
 23469 | Orc:2    | 23469 ||| FLEEEEING.
 23469 | Orc:2    | Found Amoguac's Magic Scroll Boutique.
 23470 | Orc:2    | 23470 ||| FLEEEEING.
 23471 | Orc:2    | 23471 ||| FLEEEEING.
 23472 | Orc:2    | 23472 ||| Stepping ~*~*~tactically~*~*~ (hiding).
 23474 | Orc:2    | 23474 ||| DRINKING 2 potions of curing.
 23474 | Orc:2    | 23474 ||| (to cure confusion)
 23627 | Orc:2    | 23627 ||| BUYING scroll of enchant armour (127 gold).
 23627 | Orc:2    | Bought a scroll of enchant armour for 127 gold pieces
 23627 | Orc:2    | 23627 ||| BUYING scroll of identify (34 gold).
 23627 | Orc:2    | Bought a scroll of identify for 34 gold pieces
 23627 | Orc:2    | 23627 ||| READING scroll of enchant armour.
 23627 | Orc:2    | 23627 ||| ENCHANTING +1 plate armour of fire resistance.
 23630 | Orc:2    | 23630 ||| BUYING scroll of enchant weapon (180 gold).
 23630 | Orc:2    | Bought a scroll of enchant weapon for 180 gold pieces
 23630 | Orc:2    | 23630 ||| BUYING scroll of identify (48 gold).
 23630 | Orc:2    | Bought a scroll of identify for 48 gold pieces
 23630 | Orc:2    | 23630 ||| READING scroll of enchant weapon.
 23630 | Orc:2    | 23630 ||| ENCHANTING +0 broad axe of electrocution.
 23632 | Orc:2    | 23632 ||| BUYING scroll of enchant armour (90 gold).
 23632 | Orc:2    | Bought a scroll of enchant armour for 90 gold pieces
 23632 | Orc:2    | 23632 ||| READING scroll of enchant armour.
 23632 | Orc:2    | 23632 ||| ENCHANTING +2 plate armour of fire resistance.
 23674 | Orc:2    | 23674 ||| INVOKING Heroism.
 23756 | Orc:2    | 23756 ||| PLANNING SWAMP:1-3
 23756 | Orc:2    | 23756 ||| DROPPING +1 tower shield "Gaxkasuu" {rElec Str-5
                  | Dex+3}.
 23916 | Swamp:1  | Entered Level 1 of the Swamp
 23919 | Swamp:1  | 23919 ||| Stepping ~*~*~tactically~*~*~ (cloud).
 23988 | Swamp:1  | 23988 ||| Stepping ~*~*~tactically~*~*~ (stealth).
 23990 | Swamp:1  | Noticed Kirke
 23990 | Swamp:1  | 23990 ||| INVOKING Heroism.
 24004 | Swamp:1  | Killed Kirke
 24102 | Swamp:1  | 24102 ||| INVOKING Heroism.
 24270 | Swamp:1  | 24270 ||| Stepping ~*~*~tactically~*~*~ (hiding).
 24271 | Swamp:1  | 24271 ||| INVOKING Heroism.
 24366 | Swamp:1  | 24366 ||| INVOKING Heroism.
 24393 | Swamp:1  | 24393 ||| Stepping ~*~*~tactically~*~*~ (stealth).
 24394 | Swamp:1  | 24394 ||| Stepping ~*~*~tactically~*~*~ (stealth).
 24410 | Swamp:1  | 24410 ||| SWAPPING to +4 war axe of flaming.
 24414 | Swamp:1  | 24414 ||| SWAPPING to +1 broad axe of electrocution.
 24532 | Swamp:1  | 24532 ||| INVOKING Heroism.
 24535 | Swamp:1  | 24535 ||| SWAPPING to +4 war axe of flaming.
 24537 | Swamp:1  | 24537 ||| SWAPPING to +1 broad axe of electrocution.
 24625 | Swamp:1  | 24625 ||| Stepping ~*~*~tactically~*~*~ (hiding).
 24633 | Swamp:1  | 24633 ||| INVOKING Heroism.
 24827 | Swamp:1  | 24827 ||| READING scroll labelled QATOZO NINI.
 24867 | Swamp:2  | 24867 ||| INVOKING Heroism.
 24902 | Swamp:2  | 24902 ||| Stepping ~*~*~tactically~*~*~ (hiding).
 24931 | Swamp:2  | 24931 ||| Stepping ~*~*~tactically~*~*~ (stealth).
 24933 | Swamp:2  | 24933 ||| INVOKING Heroism.
 25000 | Swamp:2  | 25000 ||| Stepping ~*~*~tactically~*~*~ (hiding).
 25002 | Swamp:2  | 25002 ||| Stepping ~*~*~tactically~*~*~ (cloud).
 25004 | Swamp:2  | 25004 ||| INVOKING Heroism.
 25203 | Swamp:2  | 25203 ||| Stepping ~*~*~tactically~*~*~ (hiding).
 25206 | Swamp:2  | Noticed a thorn hunter
 25207 | Swamp:2  | 25207 ||| INVOKING Heroism.
 25216 | Swamp:2  | Killed a thorn hunter
 25229 | Swamp:2  | 25229 ||| INVOKING Heroism.
 25373 | Swamp:2  | 25373 ||| INVOKING Heroism.
 25377 | Swamp:2  | Reached XP level 17. HP: 106/106 MP: 21/24
 25380 | Swamp:2  | 25380 ||| SWAPPING to +4 war axe of flaming.
 25384 | Swamp:2  | 25384 ||| SWAPPING to +1 broad axe of electrocution.
 25811 | Swamp:3  | 25811 ||| INVOKING Heroism.
 25815 | Swamp:3  | 25815 ||| SWAPPING to +4 war axe of flaming.
 25819 | Swamp:3  | 25819 ||| SWAPPING to +1 broad axe of electrocution.
 25852 | Swamp:3  | Received a gift from Okawaru
 25879 | Swamp:3  | 25879 ||| INVOKING Heroism.
 25887 | Swamp:3  | 25887 ||| SWAPPING to +4 war axe of flaming.
 25892 | Swamp:3  | 25892 ||| SWAPPING to +1 broad axe of electrocution.
 25893 | Swamp:3  | 25893 ||| SWAPPING to +4 war axe of flaming.
 25899 | Swamp:3  | 25899 ||| SWAPPING to +1 broad axe of electrocution.
 25909 | Swamp:3  | 25909 ||| SWAPPING to +4 war axe of flaming.
 25917 | Swamp:3  | HP: 18/106 [two-headed hydra[a spriggan druid] (12)]
 25918 | Swamp:3  | 25918 ||| READING scroll of teleportation.
 25918 | Swamp:3  | HP: 5/106 [bunyip[a spriggan druid] (10)]
 25918 | Swamp:3  | HP: 2/106 [spriggan rider/+0 spear[a spriggan druid] (3)]
 25920 | Swamp:3  | Mangled by a spriggan rider

Levels and vault maps discovered:
D:1:      dpeg_arrival_windows_large_door, layout_rooms, minmay_close_crescents
D:2:      layout_rooms, basic_altar
D:3:      layout_loops_ring, grunt_temple_overflow_cloverleaf,
          ebering_ecumenical_altar_webs, serial_shops, shop,
          minmay_gold_behind_fungi, roderic_batcave, uniq_crazy_yiuf_cottage
D:4:      layout_basic, minmay_temple_entry_enclosed_plants, serial_shops, shop,
          nicolae_underground_beach
D:5:      layout_rooms, guppyfry_early_lair_pool
D:6:      layout_layer_cave, gammafunk_ghost_grave, nicolae_grassy_gnolls,
          uniq_menkaure
D:7:      layout_basic, nicolae_ossuary_entry_giza, uniq_joseph
D:8:      layout_cave_pools, serial_gnoll_camp, gnoll_camp_mini_basic,
          gnoll_camp_huts_moat, gnoll_camp_mini_hut, gnoll_camp_mini_loothouse,
          minmay_door_square, uniq_amaemon
D:9:      minmay_the_grid_four_pointed_star
          [minmay_the_grid_triangle_9x9_flanged_cone,
          minmay_the_grid_triangle_9x9_shrine,
          minmay_the_grid_triangle_9x9_corrupted_corridor,
          minmay_the_grid_triangle_9x9_cache,
          minmay_the_grid_prize_four_corners], layout_loops_cross,
          grunt_temple_overflow_champion_of_chaos, lemuel_round_altar,
          minitemple, grunt_ogre_cave, uniq_prince_ribbit1, uniq_grum,
          uniq_maggie
D:10:     layout_rooms, orc_0_dummy, minmay_fractal_squares_5
D:11:     layout_irregular_city, david_lair_shrubbed
D:12:     layout_cross, hangedman_feature_mirror,
          hangedman_abyss_or_decor_stagger, minmay_joined_circles
D:13:     layout_gridville, david_vaults_5, minmay_misc_feat_plants
D:14:     layout_long_grid, serial_shops, shop, minmay_misc_feat_square,
          nicolae_ru_awakened_eye
D:15:     grunt_enter_depths_hoard, layout_basic, serial_glass, glass_columns_a,
          glass_columns_b, hex_intersection, onia_ninara_cookie
Lair:1:   layout_regular_city, minivault_27, infiniplex_staircase_pool
Lair:2:   layout_chaotic_city, minmay_swamp_entry_worms, spider_nest_entry_webs,
          basic_altar, serial_bayou_pond_d, grunt_megastairs_5,
          serial_bayou_shore_a
Lair:3:   layout_big_grid, beast_lair_carwin_10, infiniplex_staircase_pool_2
Lair:4:   layout_cellular_growth, slime_entry_1, uniq_sonja, uniq_rupert,
          uniq_snorg
Lair:5:   hellmonk_lair_end_abyssal_woods, layout_regular_city
Swamp:1:  layout_basic_swamp, nicolae_swamp_rocky_clearing, uniq_kirke
Swamp:2:  layout_basic_swamp, evilmike_swamp_ruin_house_2
Swamp:3:  layout_basic_swamp, evilmike_swamp_ruin_house_3
Orc:1:    layout_caves, serial_shops, shop_statue,
          nicolae_shop_bloodbath_and_beyond, shop, uniq_erica
Orc:2:    st_orc_mages, layout_caves, basic_altar

Skill      XL: |  1  2  3  4  5  6  7  8  9 10 11 12 13 14 15 16 17 |
---------------+----------------------------------------------------+-----
Axes           | 2 3 4 5 6 8 9 11 12 14 15 16 17 | 17.0
Throwing       | 1 2 4 5 6 7 |  7.0
Dodging        | 1 2 3 4 |  4.0
Fighting       | 5 7 8 9 10 11 12 | 12.0
Invocations    | 3 4 8 10 | 10.1
Armour         | 4 5 6 7 8 9 10 11 | 11.8
Shields        | 4 5 6 8 14 16 17 | 17.0

Action                     |  1- 3 |  4- 6 |  7- 9 | 10-12 | 13-15 | 16-18 || total
---------------------------+-------+-------+-------+-------+-------+-------++-------
  Melee: War axe           |    57 |    93 |   279 |   486 |  1009 |    30 ||  1954
         Broad axe         |       |       |       |       |    62 |   584 ||   646
  Throw: Javelin           |    23 |    10 |    16 |    73 |   101 |    57 ||   280
         Boomerang         |       |     2 |    27 |    37 |   196 |    28 ||   290
 Invoke: Heroism           |       |       |    10 |    28 |    22 |    28 ||    88
         Finesse           |       |       |       |       |     1 |     1 ||     2
    Use: Scroll            |     6 |     4 |     7 |     7 |     7 |     8 ||    39
         Potion            |     1 |     2 |     6 |     2 |     4 |     6 ||    21
 Armour: Scale mail        |    27 |    51 |       |       |       |       ||    78
         Plate armour      |       |     9 |   193 |   261 |   284 |   164 ||   911
  Dodge: Dodged            |    26 |    42 |    75 |   225 |   266 |   135 ||   769
  Block: Buckler           |    11 |    20 |    72 |   131 |    41 |       ||   275
         Tower shield      |       |       |       |       |  1111 |   744 ||  1855

Table legend:
 A = Non-vault XP
 B = Vault XP
 C = Vault XP percentage of total XP
 D = Non-vault monster count
 E = Vault monster count
 F = Vault count percentage of total count
                 A         B        C        D         E       F
            +---------+---------+-------+---------+---------+-------
      Total |  135420 |   57950 |  30.0 |     545 |     243 |  30.8
            +---------+---------+-------+---------+---------+-------
        D:1 |      23 |       6 |  20.7 |      15 |       3 |  16.7
        D:2 |      20 |       0 |   0.0 |      11 |       0 |   0.0
        D:3 |     167 |     121 |  42.0 |      22 |       7 |  24.1
        D:4 |      46 |       0 |   0.0 |       5 |       0 |   0.0
        D:5 |     792 |      13 |   1.6 |      19 |       1 |   5.0
        D:6 |    1087 |     404 |  27.1 |      15 |       7 |  31.8
        D:7 |     626 |     501 |  44.5 |      19 |       4 |  17.4
        D:8 |     952 |    1684 |  63.9 |       8 |      25 |  75.8
        D:9 |    2710 |    6165 |  69.5 |      36 |      25 |  41.0
       D:10 |    2925 |    2243 |  43.4 |      10 |       8 |  44.4
       D:11 |    2009 |     367 |  15.4 |      13 |       1 |   7.1
       D:12 |    5292 |    5013 |  48.6 |      15 |      11 |  42.3
       D:13 |    7199 |     870 |  10.8 |      10 |       1 |   9.1
       D:14 |   12768 |       0 |   0.0 |      31 |       0 |   0.0
       D:15 |   14494 |   11370 |  44.0 |      29 |      18 |  38.3
     Lair:1 |    4944 |       0 |   0.0 |      22 |       0 |   0.0
     Lair:2 |    9169 |    2266 |  19.8 |      26 |      10 |  27.8
     Lair:3 |    9665 |    2447 |  20.2 |      49 |      10 |  16.9
     Lair:4 |    5324 |    3630 |  40.5 |      19 |       3 |  13.6
     Lair:5 |   14654 |   12123 |  45.3 |      45 |      41 |  47.7
    Swamp:1 |   11207 |    1996 |  15.1 |      19 |       4 |  17.4
    Swamp:2 |   15147 |       0 |   0.0 |      27 |       0 |   0.0
    Swamp:3 |    8191 |       0 |   0.0 |      17 |       0 |   0.0
      Orc:1 |    1649 |     790 |  32.4 |      29 |       1 |   3.3
      Orc:2 |    4360 |    5520 |  55.9 |      34 |      40 |  54.1
    Ossuary |       0 |     421 | 100.0 |       0 |      23 | 100.0
            +---------+---------+-------+---------+---------+-------
